 Dungeon Crawl Stone Soup version 0.27.1-33-g824d729ab1 (webtiles) character file.

Game seed: 13218138323568174859

158 zeram the Grave Robber (level 5, -2/37 HPs)
             Began as a Gnoll Necromancer on Dec 17, 2021.
             Slain by a bullfrog zombie (6 damage)
             ... on level 3 of the Dungeon.
             The game lasted 00:04:37 (3244 turns).

zeram the Grave Robber (Gnoll Necromancer)          Turns: 3244, Time: 00:04:38

Health: -2/37      AC:  3    Str:  7    XL:     5   Next: 40%
Magic:  7/12       EV: 13    Int: 16    God:
Gold:   113        SH:  0    Dex: 12    Spells: 5/14 levels left

rFire    . . .     SeeInvis .   i - +0 trident
rCold    . . .     Faith    .   (no shield)
rNeg     . . .     Spirit   .   a - +0 robe
rPois    .         Reflect  .   (no helmet)
rElec    .         Harm     .   (no cloak)
rCorr    .         Rampage  .   d - +0 pair of gloves
Will     .....                  (no boots)
Stlth    +++.......             (no amulet)
HPRegen  0.12/turn              (no ring)
MPRegen  0.13/turn              (no ring)

@: no status effects
A: fangs 1, strong nose, distributed training
a: no special abilities


You were on level 3 of the Dungeon.
You visited 1 branch of the dungeon, and saw 3 of its levels.

You collected 113 gold pieces.

Inventory:

Hand Weapons
 b - a +0 club
 f - a +0 spear
 i - a +0 trident (weapon)
Armour
 a - a +0 robe (worn)
 d - a +0 pair of gloves (worn)
Scrolls
 c - a scroll of immolation {unknown}
 g - 2 scrolls of teleportation
Potions
 e - a potion of cancellation
 h - a potion of magic {unknown}
 j - a potion of brilliance


   Skills:
 + Level 1.4 Fighting
 + Level 1.4 Short Blades
 + Level 1.4 Long Blades
 + Level 1.4 Axes
 + Level 1.4 Maces & Flails
 + Level 1.4 Polearms
 + Level 1.4 Staves
 + Level 1.4 Slings
 + Level 1.4 Bows
 + Level 1.4 Crossbows
 + Level 1.4 Throwing
 + Level 1.4 Armour
 + Level 4.8 Dodging
 + Level 4.4 Stealth
 + Level 1.4 Shields
 + Level 1.4 Unarmed Combat
 + Level 5.2 Spellcasting
 + Level 1.1 Conjurations
 + Level 1.1 Hexes
 + Level 1.1 Summonings
 + Level 7.2 Necromancy
 + Level 1.1 Translocations
 + Level 1.1 Transmutations
 + Level 1.1 Fire Magic
 + Level 1.1 Ice Magic
 + Level 1.1 Air Magic
 + Level 1.1 Earth Magic
 + Level 1.1 Poison Magic
 + Level 1.6 Invocations
 + Level 1.4 Evocations


You had 5 spell levels left.
You knew the following spells:

 Your Spells              Type           Power      Damage    Failure   Level
a - Pain                  Necr           100%       1d9       1%          1
b - Vampiric Draining     Necr           13%        2d7       2%          3
c - Agony                 Necr           27%        N/A       22%         5

Your spell library contained the following spells:

 Spells                   Type           Power      Damage    Failure   Level
 Animate Skeleton         Necr           54%        N/A       1%          1
 Animate Dead             Necr           13%        N/A       8%          4


Dungeon Overview and Level Annotations

Branches:
Dungeon (3/15)

Altars:
Sif Muna


Innate Abilities, Weirdness & Mutations

You have very sharp teeth.
Your uncanny sense of smell can sniff out nearby items.
Your experience applies equally to all skills.


Message History

You draw life force from the worm!
You feel life coursing into your body. The bullfrog zombie closely misses you.
Casting: Vampiric Draining (dangerous; 2% risk of failure)
Confirm with . or Enter, or press ? or * to list all spells.
Aiming: Pain (safe; 1% risk of failure)
Press: ? - help, Shift-Dir - straight line, f/p - worm
Aim: a worm (severely wounded, chance to affect: 89%)
The worm writhes in agony!
You kill the worm!
The bullfrog zombie closely misses you.
You barely miss the bullfrog zombie. Your bite misses the bullfrog zombie.
The bullfrog zombie is moderately damaged.
The bullfrog zombie hits you. x2
You are too injured to fight recklessly!
You are too injured to fight recklessly!
You are too injured to fight recklessly!
You hit the bullfrog zombie.
The bullfrog zombie is heavily damaged.
The bullfrog zombie hits you. x2
You hit the bullfrog zombie.
The bullfrog zombie is severely damaged.
The bullfrog zombie misses you.
You hit the bullfrog zombie.
The bullfrog zombie is almost destroyed.
The bullfrog zombie hits you. The bullfrog zombie misses you.
You barely miss the bullfrog zombie.
You bite the bullfrog zombie, but do no damage.
The bullfrog zombie is almost destroyed.
The bullfrog zombie barely misses you.
You closely miss the bullfrog zombie.
The bullfrog zombie is almost destroyed.
The bullfrog zombie hits you.
* * * LOW HITPOINT WARNING * * *
The bullfrog zombie misses you.
You hit the bullfrog zombie.
The bullfrog zombie is almost destroyed.
The bullfrog zombie hits you.
* * * LOW HITPOINT WARNING * * *
The bullfrog zombie hits you.
You die...

.#*,* *.##...### ##..#
.#*,* *,...#...# #..#
.#*,**#####...#.# #..#
.#*,,,........#.# #..#
#########..#..#.#####..#
...................>...#
##....................##
##.######.......Z######
##.# ####.###@# ##.# ##*
#.# #.# #†# #.# #.# #.#
#.# ##.# #.# ...# #.#
#### #.# #.#


You could see a bullfrog zombie.

Vanquished Creatures
  A phantom (D:3)
  3 adders
  2 worms (D:3)
  A dart slug (D:1)
  7 endoplasms
  4 giant cockroaches
  6 goblins
  6 hobgoblins
  4 kobolds
  4 quokkas
  4 ball pythons
  A bat (D:1)
  2 frilled lizards
  2 rats
47 creatures vanquished.

Vanquished Creatures (others)
  2 plants (D:1)
2 creatures vanquished.

Grand Total: 49 creatures vanquished

Notes
Turn   | Place    | Note
-------+----------+-------------------------------------------
     0 | D:1      | zeram the Gnoll Necromancer began the quest for the Orb.
     0 | D:1      | Reached XP level 1. HP: 13/13 MP: 6/6
   142 | D:1      | Reached XP level 2. HP: 8/19 MP: 0/7
   624 | D:1      | Found a faded altar of an unknown god.
   694 | D:1      | Reached XP level 3. HP: 22/25 MP: 7/9
   934 | D:1      | Reached skill level 5 in Spellcasting
  1325 | D:2      | Reached skill level 1 in Invocations
  1451 | D:2      | Learned a level 3 spell: Vampiric Draining
  1613 | D:2      | You fall into a shaft and drop 1 floor!
  1686 | D:3      | Reached skill level 1 in Fighting
  1686 | D:3      | Reached skill level 1 in Short Blades
  1686 | D:3      | Reached skill level 1 in Long Blades
  1686 | D:3      | Reached skill level 1 in Axes
  1686 | D:3      | Reached skill level 1 in Maces & Flails
  1686 | D:3      | Reached skill level 1 in Polearms
  1686 | D:3      | Reached skill level 1 in Staves
  1686 | D:3      | Reached skill level 1 in Slings
  1686 | D:3      | Reached skill level 1 in Bows
  1686 | D:3      | Reached skill level 1 in Crossbows
  1686 | D:3      | Reached skill level 1 in Throwing
  1686 | D:3      | Reached skill level 1 in Armour
  1686 | D:3      | Reached skill level 1 in Shields
  1686 | D:3      | Reached skill level 1 in Unarmed Combat
  1686 | D:3      | Reached skill level 1 in Evocations
  1903 | D:2      | Reached XP level 4. HP: 31/32 MP: 11/11
  2091 | D:2      | Found a shimmering blue altar of Sif Muna.
  2519 | D:3      | Noticed a phantom
  2788 | D:3      | Killed a phantom
  2789 | D:3      | Reached skill level 1 in Conjurations
  2789 | D:3      | Reached skill level 1 in Hexes
  2789 | D:3      | Reached skill level 1 in Summonings
  2789 | D:3      | Reached skill level 1 in Translocations
  2789 | D:3      | Reached skill level 1 in Transmutations
  2789 | D:3      | Reached skill level 1 in Fire Magic
  2789 | D:3      | Reached skill level 1 in Ice Magic
  2789 | D:3      | Reached skill level 1 in Air Magic
  2789 | D:3      | Reached skill level 1 in Earth Magic
  2789 | D:3      | Reached skill level 1 in Poison Magic
  2789 | D:3      | Reached XP level 5. HP: 24/37 MP: 12/12
  2795 | D:3      | Learned a level 5 spell: Agony
  3244 | D:3      | Slain by a bullfrog zombie

Illustrated notes

Levels and vault maps discovered:
D:1:      eino_arrival_tree_alley, layout_basic, basic_ecumenical_altar,
          minmay_pentomino_p2
D:2:      layout_basic, basic_altar
D:3:      layout_loops_ring, minmay_misc_feat_alley, minmay_misc_feat_enclosed,
          amcnicky_mini_pool_small, minmay_misc_feat_cross

Skill      XL: |  1  2  3  4 |
---------------+-------------+-----
Spellcasting   | 5 |  5.2
Invocations    | 1 |  1.6
Fighting       | 1 |  1.4
Short Blades   | 1 |  1.4
Long Blades    | 1 |  1.4
Axes           | 1 |  1.4
Maces & Flails | 1 |  1.4
Polearms       | 1 |  1.4
Staves         | 1 |  1.4
Slings         | 1 |  1.4
Bows           | 1 |  1.4
Crossbows      | 1 |  1.4
Throwing       | 1 |  1.4
Armour         | 1 |  1.4
Shields        | 1 |  1.4
Unarmed Combat | 1 |  1.4
Evocations     | 1 |  1.4
Conjurations   | 1 |  1.1
Hexes          | 1 |  1.1
Summonings     | 1 |  1.1
Translocations | 1 |  1.1
Transmutations | 1 |  1.1
Fire Magic     | 1 |  1.1
Ice Magic      | 1 |  1.1
Air Magic      | 1 |  1.1
Earth Magic    | 1 |  1.1
Poison Magic   | 1 |  1.1
Dodging        | |  4.8
Stealth        | |  4.4
Necromancy     | |  7.2

Action                   |  1- 3 |  4- 6 || total
-------------------------+-------+-------++-------
Melee: Club              |     1 |       ||     1
       Spear             |    16 |       ||    16
       Trident           |    41 |    68 ||   109
       Bite              |     8 |     3 ||    11
 Cast: Pain              |    43 |    10 ||    53
       Vampiric Draining |       |     2 ||     2
  Use: Scroll            |     2 |     3 ||     5
       Potion            |       |     3 ||     3
 Stab: Sleeping          |     3 |     2 ||     5
       Distracted        |     1 |       ||     1
Armor: Robe              |     9 |     5 ||    14
       Skin              |       |    16 ||    16
Dodge: Dodged            |    54 |    33 ||    87
